WBF
BOGOTA EMERALDS @ STOCKHOLM VIKINGS
03/29/2111
 
TOP OF THE 1ST
Bogota Emeralds batting - Pitching for Stockholm Vikings : LHP Bill Civiello
Pitching: LHP Bill Civiello
Batting: RHB Pantalian Dewhirst 0-0: SINGLE (Line Drive, 8RS, EV 96.9 MPH)
Batting: RHB Khairy bin Faris 0-0: Ball
1-0: SINGLE (Groundball, 4S, EV 70.6 MPH) (infield hit)
Pantalian Dewhirst to second
Batting: LHB Vince Vermeule 0-0: Foul Ball, location: 7LMF
0-1: Ball
1-1: Foul Ball, location: 2F
1-2: Ball
2-2: Strikes out swinging
Batting: LHB Kazune Murakami 0-0: Fielders Choice at 2nd, 6-4 (Groundball, 6S, EV 77.5 MPH)
Pantalian Dewhirst to third
Batting: LHB Hayden Housley 0-0: Called Strike
0-1: Called Strike
0-2: Ball
1-2: Ball
2-2: Ball
3-2: Foul Ball, location: 9LMF
3-2: Foul Ball, location: 2F
3-2: Ground out 1-3 (Groundball, 13S, EV 63.8 MPH)
Top of the 1st over - 0 runs, 2 hits, 0 errors, 2 left on base; Bogota 0 - Stockholm 0
BOTTOM OF THE 1ST
Stockholm Vikings batting - Pitching for Bogota Emeralds : LHP Dana Bega
Pitching: LHP Dana Bega
Batting: RHB Manny Gurrola 0-0: Ground out 4-3 (Groundball, 4, EV 88.1 MPH)
Batting: RHB Zerwal Nathari 0-0: Ball
1-0: Swinging Strike
1-1: Called Strike
1-2: Strikes out swinging
Batting: RHB Brandon Stewart 0-0: Foul Ball, location: 25F
0-1: Hit by Pitch
Batting: RHB Duri Kondwani 0-0: Ball
1-0: Swinging Strike
1-1: Swinging Strike
1-2: Strikes out looking
Bottom of the 1st over - 0 runs, 0 hits, 0 errors, 1 left on base; Bogota 0 - Stockholm 0
TOP OF THE 2ND
Bogota Emeralds batting - Pitching for Stockholm Vikings : LHP Bill Civiello
Pitching: RHP Tolya Agatov
Batting: RHB Tesema Issa 0-0: Foul Ball, location: 5DF
0-1: Fly out, F8 (Flyball, 8LXD, EV 101.9 MPH)
Batting: RHB Tariku Adelaja 0-0: Foul Ball, location: 2F
0-1: TRIPLE (Flyball, 78XD, EV 101.3 MPH)
Batting: RHB Hasan Suhail 0-0: Called Strike
0-1: SINGLE (Line Drive, 4D, EV 98.8 MPH)
Tariku Adelaja scores
Batting: LHB Yanis Torres 0-0: Ball
1-0: Ball
2-0: Grounds into double play, 4-6-3 (Groundball, 4, EV 85.0 MPH)
Top of the 2nd over - 1 run, 2 hits, 0 errors, 0 left on base; Bogota 1 - Stockholm 0
BOTTOM OF THE 2ND
Stockholm Vikings batting - Pitching for Bogota Emeralds : LHP Dana Bega
Batting: LHB Draza Celebic 0-0: Foul Ball, location: 3F
0-1: Called Strike
0-2: Foul Ball, location: 9LMF
0-2: Ball
1-2: Ball
2-2: DOUBLE (Groundball, 3L, EV 104.4 MPH)
Batting: RHB Honório Mouta 0-0: Ball
1-0: Ball
2-0: Swinging Strike
2-1: Ground out 4-3 (Groundball, 4M, EV 85.6 MPH)
Draza Celebic to third
Batting: RHB Sharif Jafri 0-0: SINGLE (Line Drive, 9S, EV 86.3 MPH)
Draza Celebic scores
Batting: RHB Tak-hing Mai 0-0: Foul Ball, location: 9LSF
0-1: Swinging Strike
0-2: Ball
1-2: Fly out, F6 (Popup, 56D, EV 54.4 MPH)
Batting: RHB Amghar Garai 0-0: Ball
1-0: Foul Ball, location: 2F
1-1: Foul Ball, location: 9LDF
1-2: Foul Ball, location: 23FF
1-2: Ground out 4-3 (Groundball, 4, EV 86.9 MPH)
Bottom of the 2nd over - 1 run, 2 hits, 0 errors, 1 left on base; Bogota 1 - Stockholm 1
TOP OF THE 3RD
Bogota Emeralds batting - Pitching for Stockholm Vikings : RHP Tolya Agatov
Batting: RHB Pantalian Dewhirst 0-0: Foul Ball, location: 2F
0-1: Ball
1-1: Fly out, F4 (Line Drive, 4, EV 76.9 MPH)
Batting: RHB Khairy bin Faris 0-0: Ball
1-0: Ball
2-0: Ball
3-0: Called Strike
3-1: Called Strike
3-2: Foul Ball, location: 9LSF
3-2: Foul Ball, location: 23FF
3-2: Strikes out swinging
Batting: LHB Vince Vermeule 0-0: Ball
1-0: Swinging Strike
1-1: Ball
2-1: Foul Ball, location: 2F
2-2: Ball
3-2: Strikes out looking
Top of the 3rd over - 0 runs, 0 hits, 0 errors, 0 left on base; Bogota 1 - Stockholm 1
BOTTOM OF THE 3RD
Stockholm Vikings batting - Pitching for Bogota Emeralds : LHP Dana Bega
Batting: RHB Manny Gurrola 0-0: Called Strike
0-1: Foul Ball, location: 23F
0-2: Ball
1-2: Strikes out swinging
Batting: RHB Zerwal Nathari 0-0: Foul Ball, location: 2F
0-1: Called Strike
0-2: Ball
1-2: Foul Ball, location: 9LMFF
1-2: Ball
2-2: Ball
3-2: Foul Ball, location: 2F
3-2: Foul Ball, location: 9LDF
3-2: Base on Balls
Batting: RHB Brandon Stewart 0-0: Swinging Strike
0-1: Ball
1-1: Ground out 6-3 (Groundball, 6, EV 69.4 MPH)
Zerwal Nathari to second
Batting: RHB Duri Kondwani 0-0: Ball
1-0: Swinging Strike
1-1: Ball
2-1: Ball
3-1: Called Strike
3-2: Base on Balls
Batting: LHB Draza Celebic 0-0: Foul Ball, location: 7LMF
0-1: Called Strike
0-2: Strikes out looking
Bottom of the 3rd over - 0 runs, 0 hits, 0 errors, 2 left on base; Bogota 1 - Stockholm 1
TOP OF THE 4TH
Bogota Emeralds batting - Pitching for Stockholm Vikings : RHP Tolya Agatov
Batting: LHB Kazune Murakami 0-0: Called Strike
0-1: Foul Ball, location: 25F
0-2: Strikes out looking
Batting: LHB Hayden Housley 0-0: Ball
1-0: Foul Ball, location: 23F
1-1: Called Strike
1-2: Strikes out swinging
Batting: RHB Tesema Issa 0-0: Ball
1-0: Ball
2-0: Ball
3-0: Base on Balls
Batting: RHB Tariku Adelaja 0-0: Foul Ball, location: 2F
0-1: Ball
1-1: Called Strike
1-2: Ball
2-2: Reached on error, E5 (Groundball, 5, EV 85.0 MPH)
Tesema Issa to second
Batting: RHB Hasan Suhail 0-0: Ball
1-0: Ground out 2-3 (Groundball, 2L, EV 71.3 MPH)
Top of the 4th over - 0 runs, 0 hits, 1 error, 2 left on base; Bogota 1 - Stockholm 1
BOTTOM OF THE 4TH
Stockholm Vikings batting - Pitching for Bogota Emeralds : LHP Dana Bega
Batting: RHB Honório Mouta 0-0: Ball
1-0: Ball
2-0: Ball
3-0: Called Strike
3-1: SINGLE (Groundball, 4MD, EV 98.1 MPH)
Batting: RHB Sharif Jafri 0-0: Called Strike
0-1: SINGLE (Line Drive, 5D, EV 98.8 MPH)
Honório Mouta to second
Batting: RHB Tak-hing Mai 0-0: Ball
1-0: Bunted foul
1-1: Bunted foul
1-2: Ball
2-2: Foul Ball, location: 9LSF
2-2: Fielders Choice at 2nd, 4-6 (Groundball, 4M, EV 86.9 MPH)
Honório Mouta to third
Batting: RHB Amghar Garai 0-0: Called Strike
0-1: Ball
1-1: Ball
2-1: Foul Ball, location: 25F
2-2: Strikes out swinging
Pitching: RHP Nikolay Azeev
Pinch Hitting: RHB Roberto Fragata 0-0: Called Strike
0-1: SINGLE (Line Drive, 8RS, EV 88.1 MPH)
Honório Mouta scores
Tak-hing Mai to second
Runner from 2nd tries for 3rd, SAFE, throw by CF made to third
Batting: RHB Zerwal Nathari 0-0: Called Strike
0-1: Called Strike
0-2: Ball
1-2: Strikes out swinging
Bottom of the 4th over - 1 run, 3 hits, 0 errors, 2 left on base; Bogota 1 - Stockholm 2
TOP OF THE 5TH
Bogota Emeralds batting - Pitching for Stockholm Vikings : RHP Tolya Agatov
Now at 2B: Felix Podziruk
Now at 3B: Tak-hing Mai
Now at SS: Roberto Fragata
Now in RF: Endale Masud
Batting: LHB Yanis Torres 0-0: Ball
1-0: SINGLE (Flyball, 6D, EV 90.0 MPH)
Pinch Hitting: SHB Gebre-Giorgios Kitur 0-0: Called Strike
0-1: DOUBLE (Line Drive, 7LS, EV 91.3 MPH)
Yanis Torres to third
Pinch Hitting: RHB Harb Rashid 0-0: Swinging Strike
0-1: Ball
1-1: Foul Ball, location: 9LSF
1-2: Strikes out swinging
Batting: LHB Nand Choudhary 0-0: Swinging Strike
0-1: Called Strike
0-2: Strikes out swinging
Pinch Hitting: RHB Ashraf bin Nur al Din 0-0: Ground out U3 (Groundball, 34, EV 91.3 MPH)
Top of the 5th over - 0 runs, 2 hits, 0 errors, 2 left on base; Bogota 1 - Stockholm 2
BOTTOM OF THE 5TH
Stockholm Vikings batting - Pitching for Bogota Emeralds : RHP Nikolay Azeev
Now at C: Sazan Bardulla
Now at 1B: Gebre-Giorgios Kitur
Now at 2B: Mejdan Ademola
Now in LF: Ashraf bin Nur al Din
Now in RF: Harb Rashid
Batting: LHB Araya Themba 0-0: Called Strike
0-1: Foul Ball, location: 5FF
0-2: SINGLE (Line Drive, 4D, EV 95.0 MPH)
Batting: RHB Felix Podziruk 0-0: Ball
Araya Themba steals 2nd base
1-0: Called Strike
1-1: Swinging Strike
1-2: Fly out, F8 (Line Drive, 8RM, EV 87.5 MPH)
Batting: LHB Draza Celebic 0-0: Called Strike
0-1: Ball
1-1: Fly out, F9 (Flyball, 9S, EV 90.0 MPH)
Pinch Hitting: SHB Ahmad Adham 0-0: Swinging Strike
0-1: Ball
Wild Pitch!
Araya Themba to third
1-1: Called Strike
1-2: Ball
2-2: SINGLE (Flyball, 5D, EV 80.0 MPH)
Araya Themba scores
Batting: RHB Sharif Jafri 0-0: Fly out, F8 (Flyball, 8RD, EV 93.1 MPH)
Bottom of the 5th over - 1 run, 2 hits, 0 errors, 1 left on base; Bogota 1 - Stockholm 3
TOP OF THE 6TH
Bogota Emeralds batting - Pitching for Stockholm Vikings : RHP Tolya Agatov
Pitching: RHP Hector Gozzoli
Now at 1B: Ahmad Adham
Pinch Hitting: RHB Stéphane Perrier 0-0: Called Strike
0-1: Ball
1-1: Foul Ball, location: 2F
1-2: Foul Ball, location: 2F
1-2: Fly out, F3 (Popup, 23F, EV 87.5 MPH)
Pinch Hitting: SHB Pavlushshenka Gusakovsky 0-0: Swinging Strike
0-1: Called Strike
0-2: Ball
1-2: Ball
2-2: Strikes out looking
Batting: LHB Sazan Bardulla 0-0: Called Strike
0-1: Ball
1-1: Called Strike
1-2: Ball
2-2: Ball
3-2: Strikes out swinging
Top of the 6th over - 0 runs, 0 hits, 0 errors, 0 left on base; Bogota 1 - Stockholm 3
BOTTOM OF THE 6TH
Stockholm Vikings batting - Pitching for Bogota Emeralds : RHP Nikolay Azeev
Now at 3B: Stéphane Perrier
Now at SS: Pavlushshenka Gusakovsky
Pinch Hitting: RHB Bassam Bassam 0-0: SINGLE (Line Drive, 78S, EV 109.4 MPH)
Batting: RHB Amghar Garai 0-0: Bunted foul
0-1: Ball
1-1: Bunted foul
1-2: Grounds into double play, 4-6-3 (Groundball, 4, EV 109.4 MPH)
Batting: RHB Roberto Fragata 0-0: Swinging Strike
0-1: Ball
1-1: Fly out, F8 (Flyball, 8RM, EV 94.4 MPH)
Bottom of the 6th over - 0 runs, 1 hit, 0 errors, 0 left on base; Bogota 1 - Stockholm 3
TOP OF THE 7TH
Bogota Emeralds batting - Pitching for Stockholm Vikings : RHP Hector Gozzoli
Pitching: LHP Afaghis El Ouaer
Now at 3B: Ronnie Burkett
Now in LF: Mircea Halici
Batting: RHB Mejdan Ademola 0-0: Ball
1-0: Called Strike
1-1: SINGLE (Groundball, 4MD, EV 105.0 MPH)
Pinch Hitting: RHB Nate Ford 0-0: Ball
1-0: Ball
2-0: Ball
Mejdan Ademola steals 2nd base
3-0: Base on Balls
Batting: SHB Gebre-Giorgios Kitur 0-0: Ball
1-0: Ball
2-0: Ball
3-0: Foul Ball, location: 9LMF
3-1: Foul Ball, location: 3DF
3-2: Fly out, F8 (Flyball, 8RXD, EV 111.9 MPH)
Runner from 2nd tags up, SAFE at 3rd, no throw by CF
Batting: RHB Harb Rashid 0-0: Called Strike
0-1: Ball
1-1: Ground out 5-3 (Groundball, 56, EV 91.3 MPH)
Mejdan Ademola scores
Nate Ford to second
Batting: RHB Mililani Kalino 0-0: Ball
1-0: Ball
2-0: Ball
3-0: Base on Balls
Batting: RHB Ashraf bin Nur al Din 0-0: Ball
1-0: Foul Ball, location: 2F
1-1: Ball
2-1: Ball
3-1: Foul Ball, location: 2F
3-2: Ground out 6-3 (Groundball, 6, EV 84.4 MPH)
Top of the 7th over - 1 run, 1 hit, 0 errors, 2 left on base; Bogota 2 - Stockholm 3
BOTTOM OF THE 7TH
Stockholm Vikings batting - Pitching for Bogota Emeralds : RHP Nikolay Azeev
Pitching: RHP Kahil bin Humam
Now in CF: Nate Ford
Batting: LHB Endale Masud 0-0: Ball
1-0: Ball
2-0: Called Strike
2-1: Ball
3-1: Foul Ball, location: 3F
3-2: Foul Ball, location: 2F
3-2: Foul Ball, location: 5SF
3-2: Strikes out looking
Batting: LHB Araya Themba 0-0: Foul Ball, location: 23FF
0-1: DOUBLE (Groundball, 3L, EV 105.6 MPH)
Batting: RHB Felix Podziruk 0-0: Foul Ball, location: 9LSF
0-1: Ball
1-1: Ball
2-1: Foul Ball, location: 2F
Balk!
Araya Themba to third
2-2: Ball
3-2: Fly out, F7 (Flyball, 78S, EV 91.3 MPH)
Batting: LHB Ronnie Burkett 0-0: Ball
1-0: Ground out 3-1 (Groundball, 34, EV 100.6 MPH)
Bottom of the 7th over - 0 runs, 1 hit, 0 errors, 1 left on base; Bogota 2 - Stockholm 3
TOP OF THE 8TH
Bogota Emeralds batting - Pitching for Stockholm Vikings : LHP Afaghis El Ouaer
Pitching: LHP Akitoshi Kato
Batting: RHB Stéphane Perrier 0-0: Ball
1-0: Called Strike
1-1: Foul Ball, location: 25F
1-2: Ball
2-2: Strikes out swinging
Pitching: LHP Marvin Robson
Pinch Hitting: RHB Xin-fang Lopan 0-0: Ball
1-0: Called Strike
1-1: Foul Ball, location: 2F
1-2: Ball
2-2: Foul Ball, location: 3F
2-2: Ball
3-2: Foul Ball, location: 9LSF
3-2: Strikes out swinging
Batting: LHB Sazan Bardulla 0-0: Called Strike
0-1: Foul Ball, location: 3F
0-2: Ball
1-2: Strikes out swinging
Top of the 8th over - 0 runs, 0 hits, 0 errors, 0 left on base; Bogota 2 - Stockholm 3
BOTTOM OF THE 8TH
Stockholm Vikings batting - Pitching for Bogota Emeralds : RHP Kahil bin Humam
Now at 1B: Xin-fang Lopan
Now at SS: Gebre-Giorgios Kitur
Batting: SHB Ahmad Adham 0-0: Ball
1-0: Swinging Strike
1-1: Foul Ball, location: 2RF
1-2: Foul Ball, location: 3F
1-2: Fly out, F5 (Popup, 56, EV 53.8 MPH)
Pinch Hitting: LHB Mersha Kimweri 0-0: Foul Ball, location: 2F
0-1: Swinging Strike
0-2: Foul Ball, location: 7LSF
0-2: Strikes out swinging
Batting: LHB Mircea Halici 0-0: Called Strike
0-1: Called Strike
0-2: Ball
1-2: Ball
2-2: Strikes out swinging
Bottom of the 8th over - 0 runs, 0 hits, 0 errors, 0 left on base; Bogota 2 - Stockholm 3
TOP OF THE 9TH
Bogota Emeralds batting - Pitching for Stockholm Vikings : LHP Marvin Robson
Pitching: RHP Hector Comacho
Now in CF: Walliyullah bin Masruq
Batting: RHB Mejdan Ademola 0-0: Swinging Strike
0-1: Foul Ball, location: 3F
0-2: SINGLE (Line Drive, 8RS, EV 100.0 MPH)
Pinch Hitting: LHB Mario Santos 0-0: Foul Ball, location: 7LDF
0-1: Fly out, F9 (Line Drive, 9, EV 84.4 MPH)
Pinch Hitting: RHB Pierre François 0-0: Called Strike
0-1: Ball
1-1: Swinging Strike
1-2: Foul Ball, location: 2F
1-2: Strikes out swinging
Pinch Hitting: RHB Vladimir Gorkic 0-0: Ball
1-0: Called Strike
1-1: Swinging Strike
1-2: Ball
2-2: SINGLE (Line Drive, 56D, EV 96.3 MPH)
Mejdan Ademola to second
Batting: RHB Mililani Kalino 0-0: Ball
1-0: Ball
2-0: Swinging Strike
2-1: Fly out, F9 (Line Drive, 89M, EV 93.8 MPH)
Top of the 9th over - 0 runs, 2 hits, 0 errors, 2 left on base; Bogota 2 - Stockholm 3
Wednesday, July 31st , 2024 - OOTP Baseball 25.7 Build 80